 Dungeon Crawl Stone Soup version 0.28.0-45-g0d030f2227 (webtiles) character file.

Game seed: 17842468314263392502

7441 Icepheonix32 the Blocker (level 10, -28/83 HPs)
             Began as a Demonspawn Fighter on Apr 8, 2022.
             Killed from afar by a fire dragon (39 damage)
             ... with a blast of flame
             ... on level 9 of the Dungeon.
             The game lasted 00:18:51 (9318 turns).

Icepheonix32 the Blocker (Demonspawn Fighter)       Turns: 9318, Time: 00:18:52

Health: -28/83     AC: 10    Str: 36    XL:     10   Next: 93%
Magic:  10/10      EV: 10    Int: 10    God:
Gold:   1595       SH: 16    Dex: 13    Spells: 9/9 levels left

rFire   . . .      SeeInvis +   x - +6 whip of Sequestration {vorpal, rElec rPois rN+ Str+4}
rCold   + . .      Faith    .   G - +0 tower shield
rNeg    + . .      Spirit   .   H - +2 ring mail {rC+}
rPois   +          Reflect  .   f - +2 hat
rElec   +          Harm     .   (no cloak)
rCorr   .          Rampage  .   (no gloves)
Will    .....                   (no boots)
Stlth   +.........              (no amulet)
HPRegen 0.23/turn               y - +6 ring of strength
MPRegen 0.12/turn               B - +6 ring of strength

@: no status effects
A: horns 1, icemail 1, powered by death 2, condensation shield, see invisible,
robust 1
a: no special abilities


You were on level 9 of the Dungeon.
You visited 2 branches of the dungeon, and saw 10 of its levels.
You also visited: Bailey.

You collected 1595 gold pieces.

Inventory:

Hand Weapons
 a - a +3 hand axe
 q - a +0 hunting sling
 r - a +1 dagger of freezing
 u - a +2 vorpal war axe
 w - a +1 vampiric spear
 x - the +6 whip of Sequestration (weapon) {vorpal, rElec rPois rN+ Str+4}
   (You found it on level 5 of the Dungeon)

   It inflicts extra damage upon your enemies.
   Str:       It affects your strength (+4).
   rElec:     It insulates you from electricity.
   rPois:     It protects you from poison.
   rN:        It protects you from negative energy.
 E - a +0 triple sword
Missiles
 p - 7 poisoned darts
 s - 41 sling bullets
 v - 7 boomerangs (quivered)
Armour
 f - a +2 hat (worn)
 j - a +0 plate armour of poison resistance
 G - a +0 tower shield (worn)
 H - a +2 ring mail of cold resistance (worn)
 Q - a +1 chain mail of poison resistance
Jewellery
 n - a ring of willpower
 y - a +6 ring of strength (left hand)
 z - an amulet of magic regeneration
 A - an amulet of faith
 B - a +6 ring of strength (right hand)
Wands
 b - a wand of mindburst (18)
 g - a wand of acid (4)
 C - a wand of iceblast (10)
 D - a wand of flame (24)
Scrolls
 d - 2 scrolls of noise
 h - a scroll of amnesia
 i - a scroll of blinking {unknown}
 k - 2 scrolls of immolation {unknown}
 l - 2 scrolls of magic mapping
 m - 3 scrolls of enchant weapon {unknown}
 I - a scroll of silence {unknown}
 O - a scroll of enchant armour
Potions
 c - a potion of flight {unknown}
 e - a potion of haste
 o - 4 potions of attraction
 t - a potion of lignification
 J - a potion of mutation
 K - 5 potions of curing
 L - a potion of ambrosia {unknown}
 M - a potion of might
Miscellaneous
 F - a phial of floods
 P - a lightning rod (4/4)


   Skills:
 + Level 6.2 Fighting
 - Level 2.5(5.0) Axes
 + Level 6.8(7.0) Maces & Flails
 + Level 1.3(1.5) Slings
 + Level 0.9(1.3) Throwing
 + Level 6.2 Armour
 + Level 4.0 Dodging
 + Level 1.4 Stealth
 * Level 10.4 Shields
 * Level 2.4 Evocations


You had 9 spell levels left.
You didn't know any spells.
Your spell library contained the following spells:

 Spells                   Type           Power      Damage    Failure   Level
 Animate Skeleton         Necr           0%         N/A       96%         1
 Apportation              Tloc           0%         N/A       96%         1
 Summon Small Mammal      Summ           0%         N/A       96%         1
 Ensorcelled Hibernation  Hex/Ice        0%         N/A       99%         2
 Passwall                 Tmut/Erth      0%         N/A       99%         2
 Gell's Gravitas          Tloc           0%         N/A       100%        3
 Lesser Beckoning         Tloc           0%         N/A       100%        3
 Ozocubu's Armour         Ice            0%         N/A       100%        3
 Swiftness                Air            0%         N/A       100%        3
 Teleport Other           Tloc           0%         N/A       100%        3
 Metabolic Englaciation   Hex/Ice        0%         N/A       100%        5
 Dispersal                Tloc           0%         N/A       100%        6
 Simulacrum               Ice/Necr       0%         N/A       100%        6
 Ozocubu's Refrigeration  Ice            0%         4d5       100%        7


Dungeon Overview and Level Annotations

Branches:
Dungeon (9/15)             Temple (1/1) D:4          Bailey (visited)
   Lair: D:8-11         Orc: D:9-12

Altars:
Ashenzari
Dithmenos
Elyvilon
Fedhas
Gozag
Hepliaklqana
Kikubaaqudgha
Makhleb
Nemelex Xobeh
Qazlal
Ru
Sif Muna
Trog
Uskayaw
Vehumet
Wu Jian
Xom
Yredelemnul
The Shining One
Lugonu

Annotations:
D:6 1 runed translucent door


Innate Abilities, Weirdness & Mutations

You have a pair of small horns on your head.
A meltable icy envelope protects you from harm. (AC +0)
You regenerate health from kills.
A meltable shield of frost defends you. (SH +0)
You have supernaturally acute eyesight. (SInv)
You are robust. (+10% HP)


Message History

a +0 hand axe; an orc corpse You see here a +0 dagger.
Things that are here:
a +0 dagger; a +0 robe; an orc corpse No target in view!
You open the door.
There is an open door here.
Found a leather armour.
A lava snake comes into view.
A lava snake is nearby!
Unknown command.
You throw a boomerang. The boomerang hits the lava snake.
The lava snake hisses angrily.
The lava snake is moderately wounded.
You throw a boomerang. The boomerang hits the lava snake!
You kill the lava snake!
No target in view!
A fire dragon comes into view.
Found 22 gold pieces.
The fire dragon roars deafeningly!
The fire dragon moves out of view.
Found 25 gold pieces.
Found 30 gold pieces and a scroll of teleportation.
Why would you want to do that? The fire dragon breathes flames at you.
The blast of flame hits you!!!
Your icy defenses dissipate!
The fire dragon breathes flames at you. The blast of flame hits you!!!
* * * LOW HITPOINT WARNING * * *
You feel better.
Okay, then.
As you read the scroll of summoning, it crumbles to dust.
Wisps of shadow whirl around you... The fire dragon breathes flames at you.
The blast of flame hits your howler monkey!!!
Your howler monkey dies!
Your howler monkey's corpse dissolves into shadows!
The blast of flame hits you!!!
You die...

#### ####≈≈≈####
....§≈≈≈o.###
?..§§≈§≈o..o##
$$..≈§≈D..@.o###
$$≈≈≈§....oo.o.#####
≈≈≈§§§§............######
#
≈≈≈≈§......o.#####......#
# ≈≈≈≈≈.......##
######.### §≈§≈≈≈...####
#..## §≈≈≈###### ##.##
§≈≈§ ####.## #....##


You could see a fire dragon (catching breath, ally target), 2 friendly orc
wizards and 6 friendly orcs.

Vanquished Creatures
  A two-headed ogre (D:7)
  2 orc knights (Bailey)
  An ugly thing (D:7)
  A manticore (D:6)
  A wraith (D:9)
  3 humans (D:8)
  A steam dragon (D:6)
  11 orc warriors
  2 water moccasins
  2 ice beasts (D:7)
  3 sky beasts
  A black bear (D:5)
  A necrophage (D:6)
  4 centaurs
  3 ogres
  A phantom (D:4)
  A kobold brigand (D:7)
  4 bullfrogs
  A scorpion (D:7)
  13 wights
  A lava snake (D:9)
  A centaur zombie (D:7)
  2 jellies (D:7)
  6 hounds
  6 orc priests
  A gnoll shaman (D:6)
  A bullfrog skeleton (D:6)
  4 orc wizards
  2 hound skeletons
  4 gnolls (D:6)
  A howler monkey skeleton (D:6)
  9 adders
  A shadow imp (D:6)
  3 white imps
  An ufetubus (D:5)
  2 adder skeletons
  2 dart slugs
  41 orcs
  8 endoplasms
  3 giant cockroaches
  8 hobgoblins
  4 jackals
  A quokka (D:1)
  2 ball pythons
  3 bats
  5 frilled lizards
  11 goblins
  7 kobolds
  5 rats
202 creatures vanquished.

Vanquished Creatures (others)
  An unseen horror (D:7)
  An orc wizard (D:7)
  A fungus (D:8)
  17 plants (D:7)
  5 toadstools (D:8)
25 creatures vanquished.

Grand Total: 227 creatures vanquished

Notes
Turn   | Place    | Note
-------+----------+-------------------------------------------
     0 | D:1      | Icepheonix32 the Demonspawn Fighter began the quest for the
                  | Orb.
     0 | D:1      | Reached XP level 1. HP: 18/18 MP: 1/1
   210 | D:1      | Found a faded altar of an unknown god.
   637 | D:1      | Gained mutation: A meltable shield of frost defends you.
                  | (SH +0) [demonic ancestry]
   637 | D:1      | Reached XP level 2. HP: 24/24 MP: 2/2
  1349 | D:2      | You fall into a shaft and drop 2 floors!
  1366 | D:4      | Noticed an ogre
  1379 | D:4      | Killed an ogre
  1380 | D:4      | Reached skill level 3 in Shields
  1380 | D:4      | Reached XP level 3. HP: 29/29 MP: 3/3
  1380 | D:4      | Gained mutation: You regenerate a little health from kills.
                  | [demonic ancestry]
  1380 | D:4      | Reached XP level 4. HP: 35/35 MP: 4/4
  1397 | D:4      | Found a staircase to the Ecumenical Temple.
  1397 | D:4      | Noticed a centaur
  1405 | D:4      | Killed a centaur
  1406 | D:4      | Gained mutation: You regenerate health from kills. [demonic
                  | ancestry]
  1406 | D:4      | Reached XP level 5. HP: 35/42 MP: 5/5
  1451 | Temple   | Entered the Ecumenical Temple
  1505 | D:4      | Noticed a phantom
  1526 | D:4      | Killed a phantom
  1536 | D:4      | Reached skill level 4 in Shields
  1536 | D:4      | Reached XP level 6. HP: 30/48 MP: 6/6
  2376 | D:2      | Reached skill level 1 in Dodging
  3287 | D:4      | Reached skill level 1 in Slings
  3464 | D:4      | Found a burning altar of Makhleb.
  3620 | D:5      | Entered Level 5 of the Dungeon
  3643 | D:5      | Reached skill level 1 in Stealth
  3652 | D:5      | Identified the +6 whip of Sequestration {vorpal, rElec
                  | rPois rN+ Str+4}
  3661 | D:5      | Gained mutation: A meltable icy envelope protects you from
                  | harm. (AC +0) [demonic ancestry]
  3661 | D:5      | Reached XP level 7. HP: 50/55 MP: 7/7
  3788 | D:5      | Reached skill level 5 in Shields
  3978 | D:5      | Found a broken altar of Ashenzari.
  4221 | D:5      | Reached skill level 1 in Maces & Flails
  4685 | D:6      | Noticed a steam dragon
  4696 | D:6      | Killed a steam dragon
  4697 | D:6      | Reached XP level 8. HP: 40/61 MP: 8/8
  4777 | D:6      | Found an ornate altar of the Wu Jian Council.
  4880 | D:6      | Noticed a manticore
  4888 | D:6      | Killed a manticore
  4889 | D:6      | Reached skill level 5 in Fighting
  4889 | D:6      | Reached skill level 5 in Armour
  4889 | D:6      | Reached skill level 6 in Shields
  5091 | D:6      | Found a runed translucent door.
  5184 | D:6      | Found a basalt altar of Yredelemnul.
  5184 | D:6      | Found a stormy altar of Qazlal.
  5184 | D:6      | Found a bloodstained altar of Trog.
  5185 | D:6      | Found a hide-covered altar of Uskayaw.
  5185 | D:6      | Found a shimmering blue altar of Sif Muna.
  5187 | D:6      | Found a radiant altar of Vehumet.
  5187 | D:6      | Found a sparkling altar of Nemelex Xobeh.
  5187 | D:6      | Found a blossoming altar of Fedhas.
  5379 | D:6      | Gained mutation: You have a pair of small horns on your
                  | head. [demonic ancestry]
  5379 | D:6      | Reached XP level 9. HP: 66/68 MP: 9/9
  5781 | D:7      | Found a flagged portal.
  5788 | D:7      | Reached skill level 1 in Evocations
  5793 | D:7      | Reached skill level 7 in Shields
  5848 | Bailey   | Entered a bailey
  6258 | Bailey   | Reached skill level 8 in Shields
  6298 | Bailey   | Reached skill level 5 in Maces & Flails
  6314 | Bailey   | Noticed an orc knight
  6314 | Bailey   | Noticed an orc knight
  6373 | Bailey   | Killed an orc knight
  6374 | Bailey   | Killed an orc knight
  6375 | Bailey   | Reached skill level 9 in Shields
  6375 | Bailey   | Reached XP level 10. HP: 31/76 MP: 10/10
  6451 | Bailey   | Acquired 927 gold pieces
  6723 | D:7      | Gained mutation: Armour fits poorly on your strangely
                  | shaped body. [potion of mutation]
  6723 | D:7      | Gained mutation: You have hidden genetic defects. [potion
                  | of mutation]
  6724 | D:7      | Lost mutation: Armour fits poorly on your strangely shaped
                  | body. [potion of mutation]
  6724 | D:7      | Lost mutation: You have hidden genetic defects. [potion of
                  | mutation]
  6724 | D:7      | Gained mutation: You are robust. (+10% HP) [potion of
                  | mutation]
  6724 | D:7      | Gained mutation: You have supernaturally acute eyesight.
                  | (SInv) [potion of mutation]
  6960 | D:7      | Noticed a two-headed ogre
  7347 | D:7      | Found an opulent altar of Gozag.
  7682 | D:7      | Killed a two-headed ogre
  7962 | D:7      | Noticed a purple ugly thing
  7976 | D:7      | Killed a purple ugly thing
  7990 | D:7      | Reached skill level 10 in Shields
  9310 | D:9      | Noticed a fire dragon
  9318 | D:9      | Killed from afar by a fire dragon

Illustrated notes

Levels and vault maps discovered:
D:1:      dpeg_arrival_refuge, layout_loops_ring,
          hellmonk_ecumenical_altar_pennies_from_heaven, minivault_5
D:2:      layout_loops_ring, nrook_mini_vaults, minmay_increasing_density
D:3:      layout_basic, nicolae_figureground_sparkle
D:4:      layout_rooms, kennysheep_mini_moat, minmay_temple_entry_hall,
          chequers_mini_garden, mrwooster_statue_mirror
D:5:      layout_basic, mainiacjoe_overflow_24_doors, water_boxes_lemuel
D:6:      layout_loops_ring, nicolae_overflows_in_rows, lemuel_crystal_altar,
          ebering_ghost_sewer_d
D:7:      nzn_winding_woodlands_three_and_one
          [nzn_winding_woodlands_5x15_pockets,
          nzn_winding_woodlands_5x15_lazy_stream,
          nzn_winding_woodlands_5x15_pathside_ponds,
          nzn_winding_woodlands_center_garden], layout_basic,
          lemuel_crystal_altar, enter_bailey_5, hangedman_decor_riveting
D:8:      layout_gridville, minmay_gold_behind_fungi, minmay_ruffians
D:9:      dragon1_lemuel, layout_irregular_city, guppyfry_early_elven_hall
Temple:   corrupted_temple

Skill      XL: |  1  2  3  4  5  6  7  8  9 10 |
---------------+-------------------------------+-----
Axes           | 2 |  2.5
Armour         | 3 4 5 6 |  6.2
Shields        | 3 4 5 6 9 10 | 10.4
Fighting       | 4 5 6 |  6.2
Dodging        | 1 2 3 4 |  4.0
Slings         | 1 |  1.3
Stealth        | 1 |  1.4
Maces & Flails | 1 4 5 6 |  6.8
Evocations     | 1 2 |  2.4
Throwing       | |  0.9

Action                   |  1- 3 |  4- 6 |  7- 9 | 10-12 || total
-------------------------+-------+-------+-------+-------++-------
Melee: War axe           |    61 |   160 |     4 |       ||   225
       Dagger            |       |     8 |       |       ||     8
       Whip              |       |       |   260 |   214 ||   474
       Headbutt          |       |       |    25 |    36 ||    61
 Fire: Hunting sling     |       |    34 |       |       ||    34
Throw: Boomerang         |       |       |     1 |     7 ||     8
Evoke: Wand              |       |       |    12 |     9 ||    21
  Use: Scroll            |     2 |       |     8 |     3 ||    13
       Potion            |     1 |     2 |     1 |     3 ||     7
Armor: Scale mail        |    26 |    88 |    89 |       ||   203
       Ring mail         |       |       |       |    70 ||    70
Dodge: Dodged            |    24 |    80 |    93 |    56 ||   253
Block: Buckler           |    15 |   100 |    94 |       ||   209
       Tower shield      |       |       |   155 |   278 ||   433
